AoeStats
← Coyunto90

Migration

509370921Analyzed
1v1 RM · 6d ago on Sep 26, 2026· 27m 37s· 2 players
Game mode
Random Map
Map size
132×132
Population
200
Speed
Normal
Resources
Standard
Victory
Conquest
Starting age
Dark Age
Ending age
Imperial Age
RankedLock teamsTeams togetherTeam positionsShared explorationLock speedFull tech treeHidden civsTurbo modeCheats
Victory
Defeat
🇪🇸 Malians · Spain
1126
+15
🇨🇱 Sicilians · Chile
1096
-32
Hugo 2
13:10 Loom
Coyunto90
12:14 Feudal Age
13:40 Double-Bit Axe
13:56 Loom
20:38 Castle Age
20:39 Fishing Lines
21:18 Scale Mail Armor
20:41 Man-at-Arms
21:39 Long Swordsman
25:31 Squires
27:50 Bow Saw
Connection lost

Rejoining the realm…

Still unreachable

The connection could not be restored.

Session expired

The server has moved on; the page needs a fresh start.